TOP OF THE 1ST |
Oakland Athletics batting - Pitching for Texas Rangers : RHP Jake Koehler
|
Pitching: RHP Jake Koehler
|
|
Batting: RHB Muneo Kawachi
|
0-0: Ball 1-0: SINGLE (Line Drive, 89S, EV 103.8 MPH)
|
Batting: RHB Sébastien Piat
|
0-0: Ball Muneo Kawachi is caught stealing 2nd base 2-4 1-0: Bunt for hit to 2R - play at first, batter OUT! 2-3
|
Batting: LHB Nate Dean
|
0-0: Ball 1-0: Ground out U3 (Groundball, 34, EV 85.0 MPH)
|
Top of the 1st over - 0 runs, 1 hit, 0 errors, 0 left on base; Oakland 0 - Texas 0 |
BOTTOM OF THE 1ST |
Texas Rangers batting - Pitching for Oakland Athletics : RHP Mike Pedigo
|
Pitching: RHP Mike Pedigo
|
|
Batting: SHB Jun Tsuda
|
0-0: Fly out, F6 (Popup, 4S, EV 80.6 MPH)
|
Batting: RHB David Casas
|
0-0: Called Strike 0-1: Swinging Strike 0-2: Strikes out swinging
|
Batting: SHB John Giesbrecht
|
0-0: Ball 1-0: SINGLE (Groundball, 15S, EV 63.1 MPH) (infield hit)
|
Batting: SHB Moe Lester
|
0-0: Foul Ball, location: 2F 0-1: Ball 1-1: Ball 2-1: Ground out 3-1 (Groundball, 34S, EV 82.5 MPH)
|
Bottom of the 1st over - 0 runs, 1 hit, 0 errors, 1 left on base; Oakland 0 - Texas 0 |
TOP OF THE 2ND |
Oakland Athletics batting - Pitching for Texas Rangers : RHP Jake Koehler
|
Batting: LHB Sakae Kasahara
|
0-0: Ball 1-0: Ground out 6-3 (Groundball, 4MD, EV 100.6 MPH)
|
Batting: RHB Ryan Kinkead
|
0-0: Foul Ball, location: 2F 0-1: Fly out, F3 (Line Drive, 3, EV 72.5 MPH)
|
Batting: SHB Ryan Langlois
|
0-0: Ball 1-0: Called Strike 1-1: SINGLE (Line Drive, 3D, EV 107.5 MPH)
|
Batting: RHB Robby Godwin
|
0-0: Ball 1-0: Called Strike 1-1: Called Strike Ryan Langlois steals 2nd, throwing error, E2 Ryan Langlois to third 1-2: Strikes out looking
|
Top of the 2nd over - 0 runs, 1 hit, 1 error, 1 left on base; Oakland 0 - Texas 0 |
BOTTOM OF THE 2ND |
Texas Rangers batting - Pitching for Oakland Athletics : RHP Mike Pedigo
|
Batting: LHB Xavier Pittman
|
0-0: SINGLE (Line Drive, 4D, EV 110.0 MPH)
|
Batting: SHB Vince Ealy
|
0-0: Ball 1-0: Ball 2-0: SINGLE (Line Drive, 34, EV 107.5 MPH) Xavier Pittman to second
|
Batting: LHB Andy Bowman
|
0-0: Ball 1-0: Ball 2-0: Grounds into double play, 4-6-3 (Groundball, 4, EV 95.6 MPH) Xavier Pittman to third
|
Batting: LHB Johan de Vries
|
0-0: Swinging Strike 0-1: Swinging Strike 0-2: Ball 1-2: Foul Ball, location: 2F 1-2: Foul Ball, location: 2F 1-2: Fly out, F8 (Flyball, 8LD, EV 101.9 MPH)
|
Bottom of the 2nd over - 0 runs, 2 hits, 0 errors, 1 left on base; Oakland 0 - Texas 0 |
TOP OF THE 3RD |
Oakland Athletics batting - Pitching for Texas Rangers : RHP Jake Koehler
|
Batting: RHB Danny Murillo
|
0-0: Ball 1-0: SINGLE (Line Drive, 89S, EV 92.5 MPH)
|
Batting: RHB Ben Zeiler
|
0-0: Ball Danny Murillo is caught stealing 2nd base 2-4 1-0: DOUBLE (Flyball, 8RXD, EV 113.8 MPH)
|
Batting: RHB Muneo Kawachi
|
0-0: Called Strike 0-1: Ball 1-1: Ground out 5-3 (Groundball, 56S, EV 68.8 MPH) Ben Zeiler to third
|
Batting: RHB Sébastien Piat
|
0-0: Called Strike 0-1: Ball 1-1: 2-RUN HOME RUN (Flyball, 7D, EV 95.0 MPH), Distance : 365 ft
|
Batting: LHB Nate Dean
|
0-0: Ball 1-0: Foul Ball, location: 2F 1-1: Ball 2-1: Ground out 3-1 (Groundball, 34, EV 90.6 MPH)
|
Top of the 3rd over - 2 runs, 3 hits, 0 errors, 0 left on base; Oakland 2 - Texas 0 |
BOTTOM OF THE 3RD |
Texas Rangers batting - Pitching for Oakland Athletics : RHP Mike Pedigo
|
Batting: RHB Zhao-ji Chi
|
0-0: Called Strike 0-1: SINGLE (Line Drive, 56D, EV 101.9 MPH)
|
Batting: SHB Jun Tsuda
|
0-0: Ball 1-0: Ball 2-0: Ball 3-0: Base on Balls Zhao-ji Chi to second
|
Batting: RHB David Casas
|
0-0: Ball 1-0: Foul Ball, location: 2F 1-1: Ball 2-1: Foul Ball, location: 2F 2-2: Fly out, F9 (Flyball, 89D, EV 92.5 MPH) Runner from 2nd tags up, SAFE at 3rd, no throw by RF
|
Batting: SHB John Giesbrecht
|
0-0: Grounds into double play, 6-4-3 (Groundball, 6M, EV 99.4 MPH)
|
Bottom of the 3rd over - 0 runs, 1 hit, 0 errors, 1 left on base; Oakland 2 - Texas 0 |
TOP OF THE 4TH |
Oakland Athletics batting - Pitching for Texas Rangers : RHP Jake Koehler
|
Batting: LHB Sakae Kasahara
|
0-0: Ball 1-0: Foul Ball, location: 2F 1-1: Fly out, F6 (Popup, 6M, EV 68.8 MPH)
|
Batting: RHB Ryan Kinkead
|
0-0: Foul Ball, location: 2F 0-1: Fly out, F9 (Flyball, 9LM, EV 84.4 MPH)
|
Batting: SHB Ryan Langlois
|
0-0: Swinging Strike 0-1: Ball 1-1: Ball 2-1: Foul Ball, location: 2F 2-2: Foul Ball, location: 2F 2-2: Ball 3-2: Fly out, F7 (Flyball, 7, EV 90.6 MPH)
|
Top of the 4th over - 0 runs, 0 hits, 0 errors, 0 left on base; Oakland 2 - Texas 0 |
BOTTOM OF THE 4TH |
Texas Rangers batting - Pitching for Oakland Athletics : RHP Mike Pedigo
|
Batting: SHB Moe Lester
|
0-0: Called Strike 0-1: Swinging Strike 0-2: Strikes out swinging
|
Batting: LHB Xavier Pittman
|
0-0: Ball 1-0: Foul Ball, location: 2F 1-1: Ball 2-1: Ground out 6-3 (Groundball, 6, EV 101.2 MPH)
|
Batting: SHB Vince Ealy
|
0-0: Ball 1-0: Ball 2-0: Called Strike 2-1: Ball 3-1: Base on Balls
|
Batting: LHB Andy Bowman
|
0-0: Ball 1-0: Foul Ball, location: 2F 1-1: Ball 2-1: Foul Ball, location: 2F 2-2: 2-RUN HOME RUN (Flyball, 9D, EV 96.2 MPH), Distance : 374 ft
|
Batting: LHB Johan de Vries
|
0-0: Foul Ball, location: 2F 0-1: Ball 1-1: Foul Ball, location: 2F 1-2: Foul Ball, location: 2F 1-2: DOUBLE (Flyball, 89D, EV 95.0 MPH)
|
Batting: RHB Zhao-ji Chi
|
0-0: Foul Ball, location: 2F 0-1: Foul Ball, location: 2F 0-2: Ground out 6-3 (Groundball, 6, EV 108.1 MPH)
|
Bottom of the 4th over - 2 runs, 2 hits, 0 errors, 1 left on base; Oakland 2 - Texas 2 |
TOP OF THE 5TH |
Oakland Athletics batting - Pitching for Texas Rangers : RHP Jake Koehler
|
Batting: RHB Robby Godwin
|
0-0: Ball 1-0: Foul Ball, location: 2F 1-1: Called Strike 1-2: Ground out 5-3 (Groundball, 56S, EV 83.1 MPH)
|
Batting: RHB Danny Murillo
|
0-0: Called Strike 0-1: Ground out 6-3 (Groundball, 6S, EV 80.6 MPH)
|
Batting: RHB Ben Zeiler
|
0-0: Called Strike 0-1: Foul Ball, location: 2F 0-2: Strikes out swinging
|
Top of the 5th over - 0 runs, 0 hits, 0 errors, 0 left on base; Oakland 2 - Texas 2 |
BOTTOM OF THE 5TH |
Texas Rangers batting - Pitching for Oakland Athletics : RHP Mike Pedigo
|
Batting: SHB Jun Tsuda
|
0-0: Ball 1-0: Ball 2-0: Ball 3-0: Called Strike 3-1: Base on Balls
|
Batting: RHB David Casas
|
0-0: Ball 1-0: Called Strike 1-1: Foul Ball, location: 2F 1-2: Ball 2-2: Fly out, F9 (Line Drive, 9S, EV 91.9 MPH)
|
Batting: SHB John Giesbrecht
|
0-0: Foul Ball, location: 2F 0-1: Foul Ball, location: 2F 0-2: Foul Ball, location: 2F 0-2: Ball 1-2: Ball 2-2: Ball 3-2: Grounds into double play, 5-4-3 (Groundball, 5, EV 85.0 MPH)
|
Bottom of the 5th over - 0 runs, 0 hits, 0 errors, 0 left on base; Oakland 2 - Texas 2 |
TOP OF THE 6TH |
Oakland Athletics batting - Pitching for Texas Rangers : RHP Jake Koehler
|
Batting: RHB Muneo Kawachi
|
0-0: Ball 1-0: Swinging Strike 1-1: Called Strike 1-2: Ground out 6-3 (Groundball, 6, EV 83.1 MPH)
|
Batting: RHB Sébastien Piat
|
0-0: Foul Ball, location: 2F 0-1: Ball 1-1: Swinging Strike 1-2: Ball 2-2: Strikes out swinging
|
Batting: LHB Nate Dean
|
0-0: Called Strike 0-1: Ball 1-1: Swinging Strike 1-2: Ball 2-2: Fly out, F5 (Flyball, 5D, EV 76.2 MPH)
|
Top of the 6th over - 0 runs, 0 hits, 0 errors, 0 left on base; Oakland 2 - Texas 2 |
BOTTOM OF THE 6TH |
Texas Rangers batting - Pitching for Oakland Athletics : RHP Mike Pedigo
|
Batting: SHB Moe Lester
|
0-0: Ball 1-0: Ball 2-0: SINGLE (Groundball, 4MD, EV 98.8 MPH)
|
Batting: LHB Xavier Pittman
|
0-0: Ball 1-0: Foul Ball, location: 2F 1-1: Ball 2-1: Ball 3-1: Base on Balls Moe Lester to second
|
Pitching: RHP John Owens
|
|
Batting: SHB Vince Ealy
|
0-0: Called Strike 0-1: Foul Ball, location: 2F 0-2: SINGLE (Groundball, 56D, EV 94.4 MPH) Moe Lester to third Xavier Pittman to second
|
Batting: LHB Andy Bowman
|
0-0: GRAND SLAM HOME RUN (Flyball, 9LD, EV 95.0 MPH), Distance : 342 ft
|
Batting: LHB Johan de Vries
|
0-0: Ground out 4-3 (Groundball, 4S, EV 81.9 MPH)
|
Batting: RHB Zhao-ji Chi
|
0-0: Called Strike 0-1: Ball 1-1: Ground out 6-3 (Groundball, 6, EV 93.8 MPH)
|
Batting: SHB Jun Tsuda
|
0-0: Ball 1-0: Swinging Strike 1-1: Ball 2-1: Ground out 4-3 (Groundball, 4S, EV 84.4 MPH)
|
Bottom of the 6th over - 4 runs, 3 hits, 0 errors, 0 left on base; Oakland 2 - Texas 6 |
TOP OF THE 7TH |
Oakland Athletics batting - Pitching for Texas Rangers : RHP Jake Koehler
|
Batting: LHB Sakae Kasahara
|
0-0: Called Strike 0-1: Ball 1-1: Foul Ball, location: 2F 1-2: Foul Ball, location: 2F 1-2: Ground out 5-3 (Groundball, 6, EV 83.8 MPH)
|
Batting: RHB Ryan Kinkead
|
0-0: Ball 1-0: Foul Ball, location: 2F 1-1: Foul Ball, location: 2F 1-2: Ball 2-2: Fly out, F8 (Flyball, 8LD, EV 86.2 MPH)
|
Batting: SHB Ryan Langlois
|
0-0: Fly out, F9 (Flyball, 9LD, EV 93.8 MPH)
|
Top of the 7th over - 0 runs, 0 hits, 0 errors, 0 left on base; Oakland 2 - Texas 6 |
BOTTOM OF THE 7TH |
Texas Rangers batting - Pitching for Oakland Athletics : RHP John Owens
|
Batting: RHB David Casas
|
0-0: Called Strike 0-1: Ball 1-1: Ball 2-1: Swinging Strike 2-2: Foul Ball, location: 2F 2-2: Ball 3-2: Base on Balls
|
Batting: SHB John Giesbrecht
|
0-0: Ball 1-0: Ball 2-0: Ball David Casas steals 2nd base 3-0: Called Strike 3-1: Base on Balls
|
Batting: SHB Moe Lester
|
0-0: Called Strike 0-1: Ball 1-1: Ball 2-1: Ball 3-1: Base on Balls David Casas to third John Giesbrecht to second
|
Batting: LHB Xavier Pittman
|
0-0: Grounds into double play, 4-6-3 (Groundball, 4M, EV 78.8 MPH) David Casas scores John Giesbrecht to third
|
Pitching: RHP Mike Staley
|
|
Batting: SHB Vince Ealy
|
0-0: Ground out 6-3 (Groundball, 56, EV 101.2 MPH)
|
Bottom of the 7th over - 1 run, 0 hits, 0 errors, 1 left on base; Oakland 2 - Texas 7 |
TOP OF THE 8TH |
Oakland Athletics batting - Pitching for Texas Rangers : RHP Jake Koehler
|
Batting: RHB Robby Godwin
|
0-0: TRIPLE (Flyball, 89XD, EV 103.1 MPH)
|
Batting: RHB Danny Murillo
|
0-0: Ball 1-0: Fly out, F5 (Popup, 5SF, EV 73.8 MPH)
|
Batting: RHB Ben Zeiler
|
0-0: Swinging Strike 0-1: Ball 1-1: Called Strike 1-2: Strikes out swinging
|
Batting: RHB Muneo Kawachi
|
0-0: Ball 1-0: Ball 2-0: Ball 3-0: SINGLE (Groundball, 56D, EV 103.1 MPH) Robby Godwin scores
|
Batting: RHB Sébastien Piat
|
0-0: Called Strike 0-1: Ball 1-1: Ball 2-1: Ball 3-1: Called Strike 3-2: Base on Balls Muneo Kawachi to second
|
Batting: LHB Nate Dean
|
0-0: Ball 1-0: SINGLE (Flyball, 56D, EV 98.8 MPH) Muneo Kawachi to third Sébastien Piat to second Runner from 3rd tries for Home, SAFE, throw by LF to home
|
Batting: LHB Sakae Kasahara
|
0-0: Foul Ball, location: 2F 0-1: Swinging Strike 0-2: Strikes out swinging
|
Top of the 8th over - 2 runs, 3 hits, 0 errors, 2 left on base; Oakland 4 - Texas 7 |
BOTTOM OF THE 8TH |
Texas Rangers batting - Pitching for Oakland Athletics : RHP Mike Staley
|
Batting: LHB Andy Bowman
|
0-0: Swinging Strike 0-1: Foul Ball, location: 2F 0-2: Strikes out swinging
|
Batting: LHB Johan de Vries
|
0-0: Ball 1-0: Called Strike 1-1: Swinging Strike 1-2: Foul Ball, location: 2F 1-2: Strikes out swinging
|
Batting: RHB Zhao-ji Chi
|
0-0: Ball 1-0: Ball 2-0: Ball 3-0: Called Strike 3-1: Fly out, F8 (Flyball, 8RD, EV 108.1 MPH)
|
Bottom of the 8th over - 0 runs, 0 hits, 0 errors, 0 left on base; Oakland 4 - Texas 7 |
TOP OF THE 9TH |
Oakland Athletics batting - Pitching for Texas Rangers : RHP Jake Koehler
|
Pitching: RHP Brad Kramer
|
|
Batting: RHB Ryan Kinkead
|
0-0: Called Strike 0-1: Called Strike 0-2: Strikes out swinging
|
Batting: SHB Ryan Langlois
|
0-0: Called Strike 0-1: Called Strike 0-2: Foul Ball, location: 2F 0-2: Ball 1-2: Ground out 2-3 (Groundball, 13S, EV 74.4 MPH)
|
Batting: RHB Robby Godwin
|
0-0: Fly out, F8 (Flyball, 8RXD, EV 109.4 MPH)
|
Top of the 9th over - 0 runs, 0 hits, 0 errors, 0 left on base; Oakland 4 - Texas 7 |
|